 Dungeon Crawl Stone Soup version 0.30-a0-57-g8b159a9891 (webtiles) character file.

Game seed: 15861915580839836706

56 Conn the Firebug (level 3, -3/21 HPs)
             Began as an Octopode Fire Elementalist on Sept 11, 2022.
             Slain by Grinder (6 damage)
             ... while paralysed by Grinder
             ... on level 3 of the Dungeon.
             The game lasted 00:03:33 (1920 turns).

Conn the Firebug (Octopode Fire Elementalist)       Turns: 1920, Time: 00:03:34

Health: -3/21      AC:  1    Str:  7    XL:     3   Next: 97%
Magic:  0/6        EV:  2    Int: 19    God:
Gold:   113        SH:  0    Dex: 12    Spells: 0/6 levels left

rFire   . . .      SeeInvis .    l - +0 dagger (venom)
rCold   . . .      Faith    .    (no shield)
rNeg    . . .      Spirit   .    (helmet restricted)
rPois   .          Reflect  .    (no amulet)
rElec   .          Harm     .    (no ring)
rCorr   .          Rampage  .    (no ring)
Will    .....                    (no ring)
Stlth   +++.......               (no ring)
HPRegen 0.07/turn                (no ring)
MPRegen 0.10/turn                (no ring)
                                 (no ring)
                                 (no ring)

@: paralysed, flying
A: almost no armour, amphibious, 8 rings, camouflage 1, gelatinous body 1,
(nimble swimmer 1), tentacles
a: no special abilities


You were on level 3 of the Dungeon.
You visited 1 branch of the dungeon, and saw 3 of its levels.

You collected 113 gold pieces.

Inventory:

Hand Weapons
 e - a +0 dagger
 l - a +0 dagger of venom (weapon)
Wands
 k - a wand of polymorph (8)
Scrolls
 b - a scroll of noise
 d - a scroll of fog {unknown}
 f - 3 scrolls of teleportation {unknown}
 i - 3 scrolls of identify {unknown}
 j - a scroll of enchant weapon {unknown}
 m - a scroll of blinking {unknown}
Potions
 a - 2 potions of magic
 c - a potion of curing
 g - a potion of heal wounds


   Skills:
 + Level 0.2 Fighting
 + Level 2.4 Dodging
 + Level 3.0 Stealth
 + Level 0.1 Unarmed Combat
 + Level 2.4 Spellcasting
 + Level 1.5 Conjurations
 + Level 3.7 Fire Magic


You couldn't memorise any spells.
You knew the following spells:

 Your Spells              Type           Power      Damage    Failure   Level
a - Foxfire               Conj/Fire      48%        2x1d6     5%          1
b - Conjure Flame         Conj/Fire      12%        6-21      17%         3
e - Scorch                Fire           32%        2d7       5%          2

Your spell library contained the following spells:

 Spells                   Type           Power      Damage    Failure   Level
 Slow                     Hex            8%         N/A       16%         1
 Inner Flame              Hex/Fire       9%         N/A       22%         3
 Confusing Touch          Hex            2%         N/A       43%         3
 Ozocubu's Armour         Ice            2%         N/A       43%         3
 Vampiric Draining        Necr           2%         2d6       43%         3
 Flame Wave               Conj/Fire      12%        2d6       50%         4
 Ozocubu's Refrigeration  Ice            1%         4d7       100%        7


Dungeon Overview and Level Annotations

Branches:
Dungeon (3/15)

Altars:

Annotations:
D:3 Grinder


Innate Abilities, Weirdness & Mutations

You cannot wear most types of armour.
You are amphibious.
You can wear up to eight rings at the same time.
Your skin changes colour to match your surroundings (Stealth+).
Your rubbery body absorbs attacks. (AC +1, EV +1)
((You are camouflaged when in or above water. (Stealth+)))
You have tentacles for arms and can constrict up to eight enemies at once.


Message History

Grinder is heavily wounded.
The foxfire hits Grinder but does no damage.
Grinder is heavily wounded.
The foxfire hits Grinder but does no damage.
Grinder is heavily wounded.
Grinder gestures at you.
You barely resist.
Casting: Foxfire (safe; 5% risk of failure)
Confirm with . or Enter, or press ? or * to list all spells.
You conjure some foxfire!
As you read the scroll labelled RATHRI METIRITU, it crumbles to dust.
You hear a loud clanging noise!
It was a scroll of noise.
You hear a shout! x2
The foxfire hits Grinder.
Grinder is heavily wounded.
The foxfire hits Grinder but does no damage.
Grinder is heavily wounded.
You completely miss Grinder. You grab Grinder.
Grinder is heavily wounded.
You constrict Grinder.
Grinder says, "FISH!"
Grinder hits you!
You writhe in agony.
It was a potion of curing.
You feel better.
You constrict Grinder, but do no damage.
Grinder blinks free!
It was a potion of heal wounds.
You feel much better. Grinder gestures at you. Pain shoots through your body!
It was a potion of flight.
You feel very buoyant.
You fly up into the air.
Grinder gestures at you.
You suddenly lose the ability to move!
Grinder says, "FISH!"
Grinder hits you.
You writhe in agony.
Grinder hits you!
* * * LOW HITPOINT WARNING * * *
You writhe in agony.
You die...

#. ..# #. #.#
### #. #.# #..
#. #(# #.# #.
#.# #.# #.
#.###.#####
#.##.........#
#....@5......#
#..#####.###.#
#(.# #.###.#
....#
###..##.#
#.##..
........# #.
#.# ####.##.#
# #.# #.##.#
#.# #.##.#
#.######.##.#


You could see Grinder.

Vanquished Creatures
  3 dart slugs (D:1)
  A ball python (D:2)
  6 endoplasms
  2 giant cockroaches (D:1)
  8 goblins
  2 hobgoblins (D:1)
  2 jackals (D:1)
  4 quokkas
  6 bats
  6 kobolds
  2 rats (D:2)
42 creatures vanquished.

Vanquished Creatures (others)
  74 foxfires
  5 fungi (D:2)
  4 plants (D:2)
83 creatures vanquished.

Grand Total: 125 creatures vanquished

Notes
Turn   | Place    | Note
-------+----------+-------------------------------------------
     0 | D:1      | Conn the Octopode Fire Elementalist began the quest for the
                  | Orb.
     0 | D:1      | Reached XP level 1. HP: 11/11 MP: 3/3
   261 | D:1      | Reached XP level 2. HP: 13/17 MP: 0/5
   685 | D:1      | Reached XP level 3. HP: 15/21 MP: 1/6
  1220 | D:1      | Learned a level 2 spell: Scorch
  1224 | D:1      | Learned a level 3 spell: Conjure Flame
  1414 | D:2      | Found a faded altar of an unknown god.
  1899 | D:3      | Noticed Grinder
  1917 | D:3      | Paralysed by Grinder for 4 turns
  1920 | D:3      | Slain by Grinder

Illustrated notes

Levels and vault maps discovered:
D:1:      minmay_arrival_diagonal_passages, layout_rooms
D:2:      layout_rooms, shapermc_ecumenical_altar_mp_urbaneastern,
          kennysheep_big_empty_room
D:3:      cheibrodos_greedy_goblins, layout_loops_ring, uniq_grinder

Skill      XL: |  1  2  3 |
---------------+----------+-----
Stealth        | 3 |  3.0
Fighting       | |  0.2
Dodging        | |  2.4
Unarmed Combat | |  0.1
Spellcasting   | |  2.4
Conjurations   | |  1.5
Fire Magic     | |  3.7

Action                   || total
-------------------------++-------
Melee: Unarmed           ||     8
       Constrict         ||    14
       Tentacles         ||     9
       Dagger            ||    43
 Cast: Foxfire           ||    44
  Use: Potion            ||     3
       Scroll            ||     1
 Stab: Sleeping          ||     6
       Distracted        ||     1
Armor: Skin              ||     7
Dodge: Dodged            ||    34

Table legend: (Time is in decaauts)
 A = Elapsed time spent in this place.
 B = Non-inter-level travel time spent in this place.
 C = Inter-level travel time spent in this place.
 D = Time resting spent in this place.
 E = Time spent auto-exploring this place.
 F = Levels seen in this place.
 G = Mean time per level.
                   A        B        C        D        E       F      G
               +--------+--------+--------+--------+--------+-----+--------+
         Total |   1918 |   1880 |     38 |      0 |   1409 |   3 |  639.3 |
       Dungeon |   1918 |   1880 |     38 |      0 |   1409 |   3 |  639.3 |
               +--------+--------+--------+--------+--------+-----+--------+

Top non-repeatable levels by time:
     D:1: 1228 daAuts
     D:2: 631 daAuts
     D:3: 58 daAuts
